 Dungeon Crawl Stone Soup version 0.22.1-2-g9c5b331 (webtiles) character file.

444 stoner123 the Slasher (level 7, -8/54 HPs)
             Began as a Human Berserker on Nov 29, 2018.
             Was a Priest of Trog.
             Killed by divine providence
             ... invoked by an orc priest
              (13 damage)
             ... on level 5 of the Dungeon.
             The game lasted 00:39:10 (5160 turns).

stoner123 the Slasher (Human Berserker)             Turns: 5160, Time: 00:39:11

Health: -8/54      AC: -7    Str: 19    XL:     7   Next: 23%
Magic:  7/7        EV: 11    Int:  7    God:    Trog [***...]
Gold:   202        SH:  0    Dex: 13    Spells: 6/6 levels left

rFire    . . .     SeeInvis .   q - +0 long sword (holy)
rCold    . . .     Gourm    .   (no shield)
rNeg     . . .     Faith    .   w - +2 scale mail
rPois    .         Spirit   .   (no helmet)
rElec    .         Reflect  .   (no cloak)
rCorr    .         Harm     .   (no gloves)
MR       +....                  (no boots)
Stlth    ..........             (no amulet)
HPRegen  0.18/turn              t - ring of protection from magic
MPRegen  0.10/turn              (no ring)

@: corroded
A: no striking features
a: Berserk, Trog's Hand, Renounce Religion


You were on level 5 of the Dungeon.
You worshipped Trog.
Trog was most pleased with you.
You were not hungry.

You visited 1 branch of the dungeon, and saw 5 of its levels.

You collected 202 gold pieces.

Inventory:

Hand Weapons
 a - a +1 falchion
 e - a +0 hand axe
 l - a +0 mace
 m - a +0 trident
 o - a +3 hunting sling
 q - a +0 long sword of holy wrath (weapon)
 s - a +0 war axe
Missiles
 d - 4 tomahawks (quivered)
 i - 63 bolts
 p - 87 stones
Armour
 b - a +0 animal skin
 g - a +0 ring mail
 h - a +0 ring mail
 w - a +2 scale mail (worn)
Jewellery
 t - a ring of protection from magic (left hand)
Wands
 v - a wand of flame (32)
 x - a wand of iceblast (10)
Scrolls
 f - a scroll of noise
 u - 2 scrolls of remove curse
Potions
 j - a potion of resistance
 k - a potion of magic
 n - a potion of curing
 r - a potion of cancellation
Comestibles
 c - 3 rations


   Skills:
 + Level 4.2 Fighting
 + Level 5.1 Long Blades
 + Level 2.0 Throwing
 + Level 3.6 Armour
 + Level 3.1 Dodging
 + Level 0.2 Stealth


You had 6 spell levels left.
You didn't know any spells.
Your spell library was empty.

Dungeon Overview and Level Annotations

Branches:
Dungeon (5/15)
 Temple: D:4-7

Altars:


Message History

The jelly is severely wounded.
The jelly hits you but does no damage.
You hit the jelly. The acid corrodes you!
Your hands burn!
The jelly is almost dead.
The jelly completely misses you.
You hit the jelly but do no damage. The acid corrodes you!
Your hands burn!
The jelly is almost dead.
The jelly hits you. The acid corrodes you!
You are splashed with acid!
The acid burns!
You hit the jelly but do no damage.
Your hands burn!
* * * LOW HITPOINT WARNING * * *
The jelly is almost dead.
The jelly hits you.
* * * LOW HITPOINT WARNING * * *
You are splashed with acid!
The acid burns!
* * * LOW HITPOINT WARNING * * *
The jelly barely misses you.
The orc priest calls down the wrath of Beogh upon you.
Beogh smites you!
You die...

#.. #.. #.. ## .. ..
##.###.# .....
##############.############
#.(.oo.oJ.@................
#'############.>###########
.o(. ##.# ......# #.#
.....(..# #.# .....(..# #.#
........# #.# ...(....# #.#
#.#


You could see a jelly, an orc priest, an orc wizard and an orc.

Vanquished Creatures
  A centaur (D:4)
  A centaur skeleton (D:4)
  A bullfrog skeleton (D:4)
  A jelly (D:4)
  2 orc wizards (D:3)
  Terence (D:2)
  A worker ant (D:4)
  8 adders
  2 oozes
  3 worms
  2 dart slugs
  9 orcs
  2 giant cockroaches
  5 goblins
  7 hobgoblins
  8 jackals
  7 kobolds
  4 quokkas
  9 bats
  3 frilled lizards (D:3)
  6 rats
83 creatures vanquished.

Notes
Turn   | Place    | Note
-------+----------+-------------------------------------------
     0 | D:1      | stoner123 the Human Berserker began the quest for the Orb.
     0 | D:1      | Reached XP level 1. HP: 18/18 MP: 1/1
   137 | D:1      | Reached XP level 2. HP: 17/24 MP: 2/2
   517 | D:1      | Reached XP level 3. HP: 23/29 MP: 3/3
   992 | D:2      | Noticed Terence
  1011 | D:2      | Killed Terence
  1011 | D:2      | Reached XP level 4. HP: 6/37 MP: 4/4
  2160 | D:2      | Reached XP level 5. HP: 34/42 MP: 5/5
  2310 | D:2      | Reached ** piety under Trog
  2558 | D:3      | Reached skill level 4 in Long Blades
  2577 | D:3      | Reached skill level 1 in Throwing
  3046 | D:3      | Reached XP level 6. HP: 7/48 MP: 6/6
  4302 | D:4      | Reached *** piety under Trog
  4307 | D:4      | Reached skill level 5 in Long Blades
  4307 | D:4      | Reached XP level 7. HP: 23/54 MP: 7/7
  4924 | D:5      | Entered Level 5 of the Dungeon
  5160 | D:5      | Killed from afar by an orc priest

Skill      XL: |  1  2  3  4  5  6 |
---------------+-------------------+-----
Fighting       | 4 |  4.2
Long Blades    | 4 5 |  5.1
Throwing       | 1 2 |  2.0
Armour         | 3 |  3.6
Dodging        | 3 |  3.1
Stealth        | |  0.2

Action                   |  1- 3 |  4- 6 |  7- 9 || total
-------------------------+-------+-------+-------++-------
Melee: Falchion          |    42 |   143 |       ||   185
       Long sword        |       |    60 |    17 ||    77
Throw: Tomahawk          |     9 |    60 |     7 ||    76
  Use: Scroll            |     2 |     7 |     1 ||    10
       Potion            |     2 |     5 |     2 ||     9
  Eat: Ration            |       |     4 |       ||     4
Armor: Animal skin       |     8 |       |       ||     8
       Ring mail         |       |    62 |       ||    62
       Scale mail        |       |     7 |     9 ||    16
Dodge: Dodged            |    22 |   132 |    11 ||   165
       Rpst.: Falchion   |     9 |    32 |       ||    41
       Long sword        |       |    12 |     1 ||    13
